 Dungeon Crawl Stone Soup version 0.30.1-11-g7821555f0a (webtiles) character file.

Game seed: 9409262509340961083

806 Skitler the Chopper (level 7, -6/53 HPs)
             Began as a Demonspawn Gladiator on Jan 9, 2024.
             Mangled by an orc priest
             ... wielding a +0 morningstar
              (8 damage)
             ... on level 4 of the Dungeon.
             The game lasted 00:10:09 (4554 turns).

Skitler the Chopper (Demonspawn Gladiator)          Turns: 4554, Time: 00:10:10

Health: -6/53      AC: 14    Str: 17    XL:     7   Next: 60%
Magic:  7/7        EV:  8    Int:  9    God:
Gold:   288        SH:  0    Dex: 14    Spells: 6/6 levels left

rFire   . . .        a - +0 war axe
rCold   + . .        (no shield)
rNeg    . . .        H - +0 chain mail
rPois   .            (helmet restricted)
rElec   .            E - +0 cloak
rCorr   .            n - +2 pair of gloves
SInv    .            l - +0 pair of boots
Will    .....        (no amulet) Stlth
                     m - ring of protection from cold
HPRegen 0.28/turn    C - +4 ring of slaying
MPRegen 0.10/turn

%: no passive effects
@: confused
A: horns 2, ignite blood 1, powered by pain 1
a: no special abilities


You were on level 4 of the Dungeon.
You visited 1 branch of the dungeon, and saw 5 of its levels.
You also visited: Sewer.

You collected 288 gold pieces.

Inventory:

Hand Weapons
 a - a +0 war axe (weapon)
Missiles
 d - 3 throwing nets (quivered)
 e - a javelin
 F - 3 atropa-tipped darts
Armour
 b - a +0 leather armour
 c - a +0 helmet
 i - a +0 ring mail
 l - a +0 pair of boots (worn)
 n - a +2 pair of gloves (worn)
 p - a +0 scale mail
 z - a +0 pair of gloves
 E - a +0 cloak (worn)
 H - a +0 chain mail (worn)
Jewellery
 m - a ring of protection from cold (left hand)
 C - a +4 ring of slaying (right hand)
Wands
 w - a wand of digging (2)
 D - a wand of charming (6)
Scrolls
 f - a scroll of magic mapping
 g - 6 scrolls of teleportation {unknown}
 h - 7 scrolls of identify {unknown}
 o - a scroll of fear
 q - 2 scrolls of fog {unknown}
 t - a scroll of poison {unknown}
 x - 2 scrolls of blinking
 y - a scroll of enchant armour {unknown}
 B - a scroll of vulnerability {unknown}
 G - a scroll of brand weapon {unknown}
Potions
 j - a potion of might {unknown}
 k - a potion of degeneration {unknown}
 r - 2 potions of attraction {unknown}
 s - a potion of mutation {unknown}
 u - a potion of invisibility {unknown}
 v - a potion of flight {unknown}
 A - a potion of haste {unknown}


   Skills:
 + Level 3.8 Fighting
 + Level 6.4 Axes
 + Level 1.9 Throwing
 + Level 2.6 Armour
 + Level 3.6 Dodging
 + Level 1.0 Stealth


You had 6 spell levels left.
You didn't know any spells.
Your spell library contained the following spells:

 Spells                   Type           Power      Damage    Failure   Level
 Apportation              Tloc           0%         N/A       99%         1
 Necrotise                Necr           0%         1d4       99%         1
 Summon Small Mammal      Summ           0%         N/A       99%         1
 Ensorcelled Hibernation  Hex/Ice        0%         N/A       100%        2
 Lesser Beckoning         Tloc           0%         N/A       100%        2
 Passwall                 Tmut/Erth      0%         N/A       100%        2
 Dazzling Flash           Conj/Hex       0%         N/A       100%        3
 Gell's Gravitas          Tloc           0%         N/A       100%        3
 Swiftness                Air            0%         N/A       100%        3
 Teleport Other           Tloc           0%         N/A       100%        3
 Tukima's Dance           Hex            0%         N/A       100%        3
 Volatile Blastmotes      Fire/Tloc      0%         2d10      100%        3
 Iskenderun's Mystic Bla  Conj/Tloc      0%         2d3       100%        4
 Passage of Golubria      Tloc           0%         N/A       100%        4
 Blade Hands              Tmut           0%         N/A       100%        5
 Irradiate                Conj/Tmut      0%         3d11      100%        5
 Yara's Violent Unravell  Hex/Tmut       0%         3d3       100%        5
 Starburst                Conj/Fire      0%         6d3       100%        6
 Dragon Form              Tmut           0%         N/A       100%        7


Dungeon Overview and Level Annotations

Branches:
Dungeon (5/15)              Sewer (visited)
 Temple: D:4-7

Altars:
Kikubaaqudgha
Qazlal
Vehumet
Yredelemnul


Innate Abilities, Weirdness & Mutations

You have a pair of horns on your head.
Your demonic aura sometimes causes spilled blood to erupt in flames.
You sometimes gain a little power by taking damage.


Message History

The orc priest hits you with a +0 morningstar.
The orc wizard mumbles some strange words.
The orc wizard flickers and vanishes!
Deactivating autopickup; reactivate with Ctrl-A.
The gnoll hits you with a +0 whip. The gnoll hits you but does no damage.
You hear some strange, mumbled words.
You are more confused.
The orc priest hits you with a +0 morningstar.
* * * LOW HITPOINT WARNING * * *
Your Stealth skill increases to level 1!
The gnoll attacks as you move away! The gnoll hits you with a +0 whip.
* * * LOW HITPOINT WARNING * * *
The orc priest looks braver for a moment.
You see here a +0 flail.
You completely miss something. You miss the orc priest.
You barely miss the gnoll.
The orc priest hits you but does no damage.
Something hits you but does no damage. The gnoll barely misses you.
You miss the orc priest. You slash the gnoll!
You kill the gnoll!
You closely miss something.
The orc priest casts a cantrip, but nothing happens.
Something hits you but does no damage.
You bump into the rock wall.
The orc priest hits you with a +0 morningstar.
* * * LOW HITPOINT WARNING * * *
Something hits you but does no damage.
You slash something! You miss the orc priest.
The orc priest closely misses you.
Reactivating autopickup.
You feel a bit more experienced.
The orc priest hits you with a +0 morningstar.
* * * LOW HITPOINT WARNING * * *
The orc priest invokes the aid of Beogh against you.
Pain shoots through your body!
* * * LOW HITPOINT WARNING * * *
You bump into the rock wall.
The orc priest looks encouraged for a moment.
The orc priest hits you with a +0 morningstar!
You die...

##.###############.#####
#......................#
##.###############.###.#
### #.# #.# #.# #.# #)#
#)# #.# #.# #######.###.#
#.@......##.#
######o.......##.#
#.......)........)#
#......))#######..#######
#......).# #.........
#........# ##..#######
#........# #...###
#........# #.....####
#......?.# #...#....##


You could see an orc priest.

Vanquished Creatures
  Menkaure (D:4)
  An orc warrior (D:4)
  An ogre (D:4)
  3 orc priests
  A hound (D:5)
  Crazy Yiuf (D:3)
  Natasha (twice) (D:3)
  An orc wizard (D:4)
  A hell rat (Sewer)
  7 gnolls
  7 adders
  A river rat (Sewer)
  A white imp (D:5)
  2 worms
  4 dart slugs
  8 orcs
  9 bats
  5 endoplasms
  5 giant cockroaches
  9 goblins
  A hobgoblin (D:1)
  A jackal (D:1)
  A quokka (D:2)
  17 ball pythons
  2 frilled lizards
  10 kobolds
  19 rats
121 creatures vanquished.

Notes
Turn   | Place    | Note
-------+----------+-------------------------------------------
     0 | D:1      | Skitler the Demonspawn Gladiator began the quest for the
                  | Orb.
     0 | D:1      | Reached XP level 1. HP: 16/16 MP: 1/1
    30 | D:1      | Found a large runed translucent door.
    30 | D:1      | Found a large runed translucent door.
   175 | D:1      | Gained mutation: You sometimes gain a little power by
                  | taking damage. [demonic ancestry]
   175 | D:1      | Reached XP level 2. HP: 22/22 MP: 2/2
   308 | D:1      | Reached skill level 3 in Axes
   738 | D:1      | Gained mutation: Your demonic aura sometimes causes spilled
                  | blood to erupt in flames. [demonic ancestry]
   738 | D:1      | Reached XP level 3. HP: 27/27 MP: 3/3
  1045 | D:2      | Reached XP level 4. HP: 33/33 MP: 4/4
  1050 | D:2      | Reached skill level 4 in Axes
  1293 | D:2      | Found a stormy altar of Qazlal.
  1464 | D:3      | Found a radiant altar of Vehumet.
  1534 | D:3      | Gained mutation: You have a pair of small horns on your
                  | head. [demonic ancestry]
  1534 | D:3      | Reached XP level 5. HP: 39/39 MP: 5/5
  1541 | D:3      | Reached skill level 1 in Armour
  1553 | D:3      | Found a glowing drain.
  1577 | Sewer    | Entered a sewer
  1676 | Sewer    | Reached skill level 5 in Axes
  2298 | D:3      | Noticed Natasha
  2304 | D:3      | Killed Natasha
  2305 | D:3      | Reached XP level 6. HP: 35/46 MP: 6/6
  2363 | D:3      | You fall into a shaft and drop 2 floors!
  2363 | D:5      | Entered Level 5 of the Dungeon
  2501 | D:5      | Found an ancient bone altar of Kikubaaqudgha.
  2812 | D:4      | Noticed Menkaure
  2821 | D:4      | Killed Menkaure
  2822 | D:4      | Reached skill level 6 in Axes
  2822 | D:4      | Gained mutation: You have a pair of horns on your head.
                  | [demonic ancestry]
  2822 | D:4      | Reached XP level 7. HP: 15/52 MP: 7/7
  3363 | D:3      | Found a basalt altar of Yredelemnul.
  3461 | D:3      | Found a runed translucent door.
  3462 | D:3      | Noticed Crazy Yiuf
  3469 | D:3      | Killed Crazy Yiuf
  3695 | D:3      | Noticed Natasha
  3704 | D:3      | Killed Natasha
  4545 | D:4      | Reached skill level 1 in Stealth
  4551 | D:4      | HP: 2/53 [orc priest/nerve-wracking pain (5)]
  4554 | D:4      | Mangled by an orc priest

Illustrated notes

Levels and vault maps discovered:
D:1:      erik_arrival_cave_to_civilisation [erik_arrival_cave_to_temple],
          layout_rooms, minmay_vboxes
D:2:      layout_rooms, basic_altar
D:3:      layout_loops_ring, mainiacjoe_overflow_catwalk,
          mainiacjoe_overflow_alcove_2, portal_sewer_entry_b,
          corexii_hall_statues_i, guppyfry_early_lair_pool,
          uniq_crazy_yiuf_cottage, uniq_natasha
D:4:      layout_basic, serial_shops, nicolae_shop_peninsula, uniq_menkaure
D:5:      layout_basic, kiku_gazebo_pond_becter, temple_hall,
          ebering_ghost_sewer_f, nicolae_figureground_sparkle

Skill      XL: |  1  2  3  4  5  6  7 |
---------------+----------------------+-----
Axes           | 3 4 5 6 |  6.4
Dodging        | 3 |  3.6
Armour         | 1 2 |  2.6
Fighting       | 3 |  3.8
Stealth        | 1 |  1.0
Throwing       | |  1.9

Action                     |  1- 3 |  4- 6 |  7- 9 || total
---------------------------+-------+-------+-------++-------
  Melee: War axe           |    99 |   154 |    54 ||   307
         Headbutt          |       |     9 |     9 ||    18
         Punch             |       |     1 |       ||     1
    Use: Scroll            |       |     4 |       ||     4
   Stab: Sleeping          |     1 |       |       ||     1
 Armour: Leather armour    |     4 |       |       ||     4
         Ring mail         |    23 |       |       ||    23
         Scale mail        |    55 |    71 |    19 ||   145
         Chain mail        |       |       |    17 ||    17
  Dodge: Dodged            |    71 |   103 |    38 ||   212
